 Dungeon Crawl Stone Soup version 0.25.0-1-g7eea58d2a3 (webtiles) character file.

Game seed: 9831291484085936170

165025 Dirian the Warrior (level 17, 0/168 HPs)
             Began as a Minotaur Fighter on June 13, 2020.
             Was the Champion of Okawaru.
             Slain by a hornet (9 damage)
             ... on level 4 of the Spider Nest on June 14, 2020.
             The game lasted 01:16:19 (29001 turns).

Dirian the Warrior (Minotaur Fighter)              Turns: 29001, Time: 01:16:20

Health: 0/168      AC: 41    Str: 28    XL:     17   Next: 27%
Magic:  2/23       EV:  6    Int:  4    God:    Okawaru [******]
Gold:   3051       SH: 27    Dex: 19    Spells: 16/16 levels left

rFire    + + .     SeeInvis +   X - +8 demon blade (elec)
rCold    . . .     Gourm    .   T - +0 tower shield {rPois}
rNeg     + . .     Faith    .   H - +15 Maxwell's patent armour {-Cast -Tele rElec MR+ rCorr}
rPois    +         Spirit   .   Z - +3 crown of Dyrovepreva {rElec Int+2 SInv}
rElec    +         Reflect  +   R - +1 cloak "Memuadgho" {rElec rF++ rN+ Int-3}
rCorr    +         Harm     .   a - +1 pair of gloves {Dex+3}
MR       +++..     NoTele   +   i - +0 pair of boots Stlth ..........NoCast +
                                l - amulet of reflection
HPRegen  0.00/turn              M - +6 ring of dexterity
MPRegen  0.18/turn              S - ring of protection from magic

@: no status effects
A: retaliatory headbutt, horns 2, inhibited regeneration
a: Heroism, Finesse, Renounce Religion


You were on level 4 of the Spider Nest.
You worshipped Okawaru.
Okawaru was exalted by your worship.
You were not hungry.

You visited 4 branches of the dungeon, and saw 27 of its levels.
You visited 1 bazaar.
You also visited: Ossuary and Gauntlet.

You collected 6082 gold pieces.
You spent 3031 gold pieces at shops.

Inventory:

Hand Weapons
 O - a +4 scimitar of flaming
 X - a +8 demon blade of electrocution (weapon)
Armour
 a - a +1 pair of gloves of dexterity (worn)
 c - the +8 chain mail "Kenud" {+Inv rN+ Int+3}
   (You bought it in a shop on level 2 of the Orcish Mines)

   It affects your intelligence (+3).
   It protects you from negative energy.
   It lets you turn invisible.
 f - the +0 hat of Rojoqaoc {*Contam rF+ MR+}
   (You found it in a Gauntlet)

   It protects you from fire.
   It affects your resistance to hostile enchantments.
   It causes magical contamination when unequipped.
 i - a +0 pair of boots (worn)
 G - the +1 chain mail of the Locust {rC+ Regen+ SInv}
   (You found it on level 7 of the Dungeon)

   It protects you from cold.
   It lets you see invisible.
   It increases your rate of regeneration.
 H - the +15 Maxwell's patent armour (worn) {-Cast -Tele rElec MR+ rCorr}
   (Okawaru gifted it to you on level 2 of the Spider Nest)

   It insulates you from electricity.
   It affects your resistance to hostile enchantments.
   It prevents spellcasting.
   It prevents most forms of teleportation.
   It provides partial protection from all sources of acid and corrosion.
 R - the +1 cloak "Memuadgho" (worn) {rElec rF++ rN+ Int-3}
   (Okawaru gifted it to you on level 14 of the Dungeon)

   It affects your intelligence (-3).
   It greatly protects you from fire.
   It insulates you from electricity.
   It protects you from negative energy.
 T - a +0 tower shield of poison resistance (worn)
 Z - the +3 crown of Dyrovepreva (worn) {rElec Int+2 SInv}
   (You bought it in a shop on level 2 of the Orcish Mines)

   It affects your intelligence (+2).
   It insulates you from electricity.
   It lets you see invisible.
Jewellery
 j - an uncursed ring of resist corrosion
 l - an amulet of reflection (around neck)
 A - an uncursed ring of poison resistance
 I - an uncursed ring of protection from cold
 M - a +6 ring of dexterity (left hand)
 S - a ring of protection from magic (right hand)
Wands
 s - a wand of flame (45)
 u - a wand of polymorph (35)
 v - a wand of digging (9)
 y - a wand of paralysis (13)
 D - a wand of acid (25)
 F - a wand of disintegration (24)
 K - a wand of clouds (12)
 N - a wand of iceblast (10)
Scrolls
 b - 4 scrolls of enchant armour
 o - a scroll of silence
 p - a scroll of magic mapping
 r - 11 scrolls of identify
 t - 12 scrolls of teleportation
 x - 10 scrolls of remove curse
 z - 4 scrolls of blinking
 B - 2 scrolls of immolation
Potions
 d - 4 potions of might
 g - 4 potions of lignification
 h - 4 potions of haste
 k - 4 potions of magic
 m - 5 potions of ambrosia
 n - 3 potions of resistance
 q - 5 potions of curing
 w - 7 potions of heal wounds
 C - 3 potions of flight
 J - 2 potions of invisibility
 P - 4 potions of berserk rage
 Q - 7 potions of mutation
 W - 5 potions of brilliance
Comestibles
 e - 45 rations
 E - 6 chunks of flesh


   Skills:
 + Level 19.6 Fighting
 + Level 16.0 Long Blades
 + Level 15.0 Armour
 + Level 15.0 Shields
 + Level 10.0 Invocations
 + Level 10.0 Evocations


You had 16 spell levels left.
You didn't know any spells.
Your spell library contained the following spells:

 Spells                   Type           Power        Failure   Level  Hunger
 Beastly Appendage        Tmut           #.....       100%        1    ##.....
 Foxfire                  Conj/Fire      #...         100%        1    ##.....
 Magic Dart               Conj           #...         100%        1    ##.....
 Sting                    Tmut/Pois      #...         100%        1    ##.....
 Blink                    Tloc           N/A          100%        2    ###....
 Call Imp                 Summ           #.......     100%        2    ###....
 Poisonous Vapours        Pois/Air       #.....       100%        2    ###....
 Searing Ray              Conj           #.....       100%        2    ###....
 Slow                     Hex            #.......     100%        2    ###....
 Sticks to Snakes         Tmut           #.......     100%        2    ###....
 Sublimation of Blood     Necr           #.........   100%        2    ###....
 Conjure Flame            Conj/Fire      #.......     100%        3    ####...
 Dazzling Flash           Conj/Hex       #.....       100%        3    ####...
 Ignite Poison            Fire/Tmut/Pois #.......     100%        3    ####...
 Inner Flame              Hex/Fire       #.......     100%        3    ####...
 Mephitic Cloud           Conj/Pois/Air  #.......     100%        3    ####...
 Recall                   Summ/Tloc      N/A          100%        3    ####...
 Spider Form              Tmut/Pois      #.........   100%        3    ####...
 Animate Dead             Necr           N/A          100%        4    #####..
 Fulminant Prism          Conj/Hex       #.........   100%        4    #####..
 Ice Form                 Ice/Tmut       #.......     100%        4    #####..
 Iskenderun's Mystic Bla  Conj/Tloc      #.......     100%        4    #####..
 Olgreb's Toxic Radiance  Pois           #.......     100%        4    #####..
 Petrify                  Tmut/Erth      #.......     100%        4    #####..
 Sticky Flame             Conj/Fire      #.......     100%        4    #####..
 Alistair's Intoxication  Tmut/Pois      #.......     100%        5    ######.
 Blade Hands              Tmut           #.........   100%        5    ######.
 Borgnjor's Vile Clutch   Necr/Erth      #.........   100%        5    ######.
 Fireball                 Conj/Fire      #.........   100%        5    ######.
 Irradiate                Conj/Tmut      #.........   100%        5    ######.
 Death Channel            Necr           #.........   100%        6    #######
 Eringya's Noxious Bog    Tmut/Pois      #.........   100%        6    #######
 Simulacrum               Ice/Necr       #.........   100%        6    #######


Dungeon Overview and Level Annotations

Branches:
Dungeon (15/15)            Temple (0/1) D:5            Lair (6/6) D:8
 Shoals (0/4) Lair:2       Spider (4/4) Lair:2        Slime (0/5) Lair:5
    Orc (2/2) D:9             Elf (0/3) Orc:2        Vaults (0/5) D:14
 Depths (0/5) D:15        Ossuary (visited)         Gauntlet (visited)

Altars:
Ashenzari
Dithmenos
Gozag
Hepliaklqana
Kikubaaqudgha
Makhleb
Okawaru
Ru
Trog
Uskayaw
Vehumet
Xom
Yredelemnul
The Shining One
Beogh
Jiyva

Shops:
D:9 }   Orc:1 }[   Orc:2 [(!=

Annotations:
D:5 3 runed translucent doors, grindst0ne's ghost, novice NaMo


Innate Abilities, Weirdness & Mutations

You reflexively headbutt those who attack you in melee.
You have a pair of horns on your head.
You do not regenerate when monsters are visible.


Message History

The hornet rages.
You block the redback's attack.
The redback bites you but does no damage.
You block the hornet's attack.
The hornet stings you but does no damage.
You block the redback's attack. The hornet barely misses you.
You furiously retaliate!
You headbutt the hornet!
You riposte.
You slash the hornet! Your headbutt misses the hornet.
The hornet is heavily wounded.
The emperor scorpion is caught in a web!
You block the hornet's attack. You block the redback's attack.
The hornet stings you but does no damage.
You block the redback's attack.
The emperor scorpion pulls away from the web.
The hornet stings you!
* * * LOW HITPOINT WARNING * * *
You feel yourself slow down.
You feel yourself speed up. You block the hornet's attack.
The hornet stings you!
You die...

##....≈##y.s≈..≈≈### ##
##..s####..y≈≈### ####. #..s#
###≈### ###.#.. ####'''#### ###
##.....# ####.........####
#...#...
#####..............^######.#...#.
...............y.......#.#..[....
<#.#..#....#..#y#.#...#.....####.
.#....##....#.#^@...#...#..#.....
....#....##.#...##..#..##[...##(.
#...#........#......#..##.#.....#
..#...#.#.##.#.#...##...#.###....
..#..#.......#...#..#..##....###.
.#.#...###.#.#..#...#......##...#
..#..#...#.#..#...#..#........#..
#..#....#..#.##..#.#.#.#.##.....#
#.#.##...#.##....#.....#.#..##...


You could see 2 emperor scorpions and 2 hornets.

Vanquished Creatures
  Nikola (Spider:4)
  The ghost of Ketzopolo the Severer, a journeyman MiBe of Trog (Spider:2)
  An orc warlord (Orc:2)
  2 ghost moths (Spider:4)
  Aizul (Spider:4)
  4 emperor scorpions
  3 entropy weavers
  A stone giant (Orc:1)
  A spark wasp (Spider:3)
  A minotaur (Gauntlet)
  A fire dragon (D:15)
  The ghost of Mamah the Grappler, a journeyman TrMo of Fedhas (D:11)
  A green death (Gauntlet)
  A yaktaur captain (D:15)
  Harold (Lair:1)
  6 hydras
  A rakshasa (D:15)
  An ice dragon (D:15)
  8 vault guards (D:14)
  4 catoblepae
  A centaur warrior (D:13)
  6 two-headed ogres
  A queen ant (Spider:2)
  An ogre mage (D:15)
  Erica (D:10)
  12 death yaks (Lair:6)
  Urug (Lair:2)
  Nergalle (Lair:1)
  Sonja (Orc:2)
  6 unseen horrors
  A wizard (D:15)
  An orange crystal statue (Orc:2)
  4 orc knights (Orc:2)
  A lindwurm (Lair:6)
  3 deep elf magi
  A necromancer (Gauntlet)
  5 ugly things
  An oklob plant (Gauntlet)
  23 orb spiders
  A moth of wrath (Spider:4)
  6 manticores
  22 wolf spiders
  4 cyclopes
  Maurice (Orc:1)
  9 elephants (Lair:6)
  3 black mambas
  Psyche (D:11)
  7 spiny frogs
  A minotaur zombie (Gauntlet)
  7 centaur skeletons
  A rime drake (Lair:4)
  2 torpor snails
  Maggie (D:6)
  6 komodo dragons
  2 orange demons (Gauntlet)
  2 efreet
  A yaktaur (shapeshifter) (D:13)
  6 kobold demonologists
  5 yaktaurs (D:15)
  16 demonic crawlers
  A tengu conjurer (D:13)
  A polar bear (Lair:2)
  11 trolls
  7 hornets
  38 jumping spiders
  A merfolk (D:11)
  Grinder (D:6)
  2 slime creatures (D:14)
  11 blink frogs
  4 dream sheep (Lair:6)
  7 hippogriffs
  A centaur simulacrum (D:15)
  2 shadows
  27 tarantellas
  2 wraiths
  59 yaks
  3 basilisks
  A human (D:11)
  2 wyverns
  60 redbacks
  A human (shapeshifter) (D:14)
  4 hungry ghosts
  2 steam dragons
  A warg (Orc:2)
  14 vampire mosquitoes
  Grum (D:10)
  2 soldier ants (Spider:2)
  13 water moccasins
  An acid dragon (Gauntlet)
  10 porcupines
  38 orc warriors
  4 black bears
  4 ice beasts
  9 ogres
  2 eyes of draining
  A phantom (D:12)
  6 sky beasts
  12 wolves
  12 crocodiles
  16 centaurs
  14 big kobolds
  3 elf zombies (Ossuary)
  A wyvern zombie (D:15)
  17 bullfrogs
  A wyvern skeleton (D:12)
  8 killer bees (D:11)
  4 scorpions
  A vampire bat (D:9)
  8 howler monkeys
  An electric eel (Spider:3)
  2 human zombies (Ossuary)
  A bullfrog zombie (D:11)
  10 centaur zombies
  9 crimson imps
  9 hounds
  A quasit (D:15)
  6 jellies
  27 orc priests
  Crazy Yiuf (D:6)
  4 bullfrog skeletons
  Ijyb (D:2)
  6 iguanas
  31 orc wizards
  19 worker ants
  3 mummies (Ossuary)
  Robin (D:3)
  A gnoll (D:3)
  3 worker ant zombies
  2 howler monkey skeletons
  14 adders
  A shadow imp (D:6)
  An ooze (D:3)
  An adder zombie (D:8)
  An adder skeleton (D:8)
  2 worms (D:2)
  3 dart slugs (D:1)
  8 leopard geckos
  128 orcs
  6 bats
  A bat skeleton (D:9)
  3 bat zombies (D:9)
  5 giant cockroaches
  19 goblins
  6 hobgoblins
  11 jackals
  3 quokkas
  3 ball pythons
  9 frilled lizards
  A jackal skeleton (D:6)
  34 kobolds
  2 leopard gecko skeletons
  A leopard gecko zombie (D:8)
  A quokka skeleton (D:4)
  2 quokka zombies (D:6)
  12 rats
  2 demonic plants (Gauntlet)
  2 fungi
  4 plants (Bazaar)
1091 creatures vanquished.

Vanquished Creatures (others)
  3 orb spiders (Spider:4)
  2 jumping spiders (Spider:4)
  A redback (Spider:4)
  A tarantella (Spider:4)
  An orc wizard (D:9)
  An adder (D:5)
  An adder zombie (D:5)
  4 demonic plants (Gauntlet)
  20 fungi
  12 plants
46 creatures vanquished.

Grand Total: 1137 creatures vanquished

Notes
Turn   | Place    | Note
-------+----------+-------------------------------------------
     0 | D:1      | Dirian the Minotaur Fighter began the quest for the Orb.
     0 | D:1      | Reached XP level 1. HP: 19/19 MP: 0/0
    97 | D:1      | Reached XP level 2. HP: 27/27 MP: 1/1
   175 | D:1      | Reached skill level 4 in Fighting
   271 | D:1      | Reached XP level 3. HP: 27/33 MP: 2/2
  1367 | D:2      | Noticed a scorpion
  1380 | D:2      | Killed a scorpion
  1380 | D:2      | Reached XP level 4. HP: 27/40 MP: 3/3
  1619 | D:3      | Noticed Ijyb
  1713 | D:2      | Killed Ijyb
  1713 | D:2      | Reached XP level 5. HP: 21/47 MP: 4/4
  1898 | D:3      | Noticed Robin
  1928 | D:3      | Killed Robin
  2148 | D:3      | Found a hide-covered altar of Uskayaw.
  2322 | D:3      | Found a shimmering altar of Xom.
  2499 | D:3      | Reached skill level 5 in Armour
  2551 | D:3      | Found an iron altar of Okawaru.
  2560 | D:3      | Became a worshipper of Warmaster Okawaru
  2652 | D:4      | Reached skill level 5 in Long Blades
  2920 | D:4      | Found a bloodstained altar of Trog.
  2921 | D:4      | Found an opulent altar of Gozag.
  3020 | D:4      | Reached XP level 6. HP: 53/53 MP: 5/5
  3162 | D:4      | Reached skill level 5 in Shields
  3365 | D:5      | Entered Level 5 of the Dungeon
  3365 | D:5      | Found a runed translucent gate.
  3365 | D:5      | Found a runed translucent gate.
  3365 | D:5      | Found a runed translucent gate.
  3380 | D:5      | Noticed grindst0ne's ghost (novice NaMo)
  3403 | D:5      | Found a radiant altar of Vehumet.
  3646 | D:5      | Found a staircase to the Ecumenical Temple.
  4027 | D:5      | Reached XP level 7. HP: 36/60 MP: 6/6
  4045 | D:5      | Reached * piety under Okawaru
  4667 | D:6      | Reached skill level 5 in Fighting
  4683 | D:6      | Found a sand-covered staircase.
  4691 | Ossuary  | Entered an ossuary
  4950 | Ossuary  | Reached ** piety under Okawaru
  4950 | Ossuary  | Reached XP level 8. HP: 50/68 MP: 7/7
  5576 | D:6      | Reached skill level 6 in Fighting
  5576 | D:6      | Reached skill level 10 in Long Blades
  5809 | D:6      | Reached *** piety under Okawaru
  5880 | D:6      | Found a sacrificial altar of Ru.
  5930 | D:6      | Noticed Maggie
  5932 | D:6      | Noticed Grinder
  5933 | D:6      | Reached XP level 9. HP: 71/75 MP: 8/8
  5950 | D:6      | Killed Maggie
  5956 | D:6      | Killed Grinder
  6326 | D:6      | Found a runed translucent door.
  6327 | D:6      | Noticed Crazy Yiuf
  6333 | D:6      | Killed Crazy Yiuf
  6526 | D:7      | Found a hazy altar of Hepliaklqana.
  6630 | D:7      | Found a shattered altar of Ashenzari.
  7060 | D:7      | Got a faintly glowing chain mail
  7074 | D:7      | Identified the +1 chain mail of the Locust {rC+ Regen+
                  | SInv} (You found it on level 7 of the Dungeon)
  7092 | D:8      | Found a staircase to the Lair.
  7102 | D:8      | Noticed a troll
  7130 | D:7      | Killed a troll
  7217 | D:7      | Reached **** piety under Okawaru
  7225 | D:7      | Reached skill level 1 in Invocations
  7261 | D:8      | Reached XP level 10. HP: 83/84 MP: 9/9
  7549 | D:8      | Reached skill level 7 in Fighting
  8218 | D:9      | Found a staircase to the Orcish Mines.
  8310 | D:9      | Found a shadowy altar of Dithmenos.
  8377 | D:9      | Reached ***** piety under Okawaru
  8434 | D:9      | Reached skill level 10 in Shields
  8544 | D:9      | Found Cusim's Gadget Emporium.
  8551 | D:9      | You fall into a shaft and drop 3 floors!
  8571 | D:12     | Noticed an unseen horror
  8585 | D:12     | Killed an unseen horror
  8688 | D:11     | Reached XP level 11. HP: 94/94 MP: 10/10
  8796 | D:11     | Noticed Psyche
  8803 | D:11     | Killed Psyche
  8928 | D:11     | Noticed a green ugly thing
  8941 | D:11     | Reached skill level 8 in Fighting
  8947 | D:11     | Killed a green ugly thing
  9017 | D:10     | Entered Level 10 of the Dungeon
  9126 | D:10     | Noticed a two-headed ogre
  9134 | D:10     | Killed a two-headed ogre
  9418 | D:10     | Noticed Grum
  9423 | D:10     | Killed Grum
  9514 | D:10     | Received a gift from Okawaru
  9539 | D:10     | Noticed a two-headed ogre
  9552 | D:10     | Killed a two-headed ogre
  9625 | D:10     | Noticed Erica
  9642 | D:10     | Killed Erica
  9642 | D:10     | Reached skill level 10 in Armour
 10205 | D:9      | Found a basalt altar of Yredelemnul.
 10233 | D:9      | Found an ancient bone altar of Kikubaaqudgha.
 10309 | D:9      | Reached skill level 9 in Fighting
 10566 | D:9      | Bought a wand of digging (4) for 160 gold pieces
 10665 | D:11     | Reached skill level 15 in Long Blades
 10968 | D:11     | Found a runed translucent gate.
 10968 | D:11     | Found a runed translucent gate.
 10968 | D:11     | Found a runed translucent gate.
 10970 | D:11     | Noticed Mamah's ghost (journeyman TrMo)
 10970 | D:11     | Identified the +9 whip of Lies {chaos, Str-5 Int+2 Dex+8}
 11069 | D:11     | Found a burning altar of Makhleb.
 11407 | D:11     | Killed Mamah's ghost
 11407 | D:11     | Reached XP level 12. HP: 35/105 MP: 11/14
 11577 | D:12     | Found a shimmering altar of Xom.
 11588 | D:12     | Reached skill level 10 in Fighting
 11775 | D:12     | Reached skill level 5 in Invocations
 12465 | D:13     | Noticed a centaur warrior
 12507 | D:13     | Killed a centaur warrior
 12606 | D:13     | Reached skill level 11 in Fighting
 13135 | D:14     | Reached ****** piety under Okawaru
 13147 | D:14     | Received a gift from Okawaru
 13167 | D:14     | Got a transparent cloak {god gift}
 13193 | D:14     | Identified the +1 cloak "Memuadgho" {rElec rF++ rN+ Int-3}
                  | (Okawaru gifted it to you on level 14 of the Dungeon)
 13217 | D:14     | Reached skill level 12 in Fighting
 13593 | D:14     | Noticed a vault guard
 13604 | D:14     | Killed a vault guard
 13620 | D:14     | Noticed a vault guard
 13631 | D:14     | Killed a vault guard
 13631 | D:14     | Reached skill level 13 in Fighting
 13631 | D:14     | Reached XP level 13. HP: 117/122 MP: 17/17
 13639 | D:14     | Found a gate to the Vaults.
 13898 | D:14     | Received a gift from Okawaru
 13898 | D:14     | Reached skill level 14 in Fighting
 14083 | D:15     | Entered Level 15 of the Dungeon
 14239 | D:15     | Reached skill level 15 in Fighting
 14574 | D:15     | Reached skill level 16 in Fighting
 14589 | D:15     | Received a gift from Okawaru
 14615 | D:15     | Found a glowing golden altar of the Shining One.
 14804 | D:15     | Reached XP level 14. HP: 132/138 MP: 19/19
 15057 | D:15     | Found a staircase to the Depths.
 15261 | D:15     | Reached skill level 17 in Fighting
 15563 | Lair:1   | Entered Level 1 of the Lair of Beasts
 15662 | Lair:1   | Noticed Nergalle
 15671 | Lair:1   | Killed Nergalle
 15962 | Lair:1   | Noticed Harold
 15979 | Lair:1   | Killed Harold
 15988 | Lair:1   | Got a jewelled buckler
 15999 | Lair:1   | Identified the +1 buckler of the Frog {rC+} (You found it
                  | on level 1 of the Lair of Beasts)
 16655 | Lair:2   | Found a staircase to the Shoals.
 16686 | Lair:2   | Noticed Urug
 16693 | Lair:2   | Killed Urug
 16862 | Lair:2   | Found a hole to the Spider Nest.
 16882 | Lair:2   | Reached skill level 18 in Fighting
 17015 | Lair:2   | You fall into a shaft and drop 2 floors!
 17140 | Lair:4   | Received a gift from Okawaru
 17912 | Lair:3   | Reached skill level 1 in Evocations
 18203 | Lair:3   | Reached skill level 10 in Invocations
 19131 | Lair:5   | Found a runed translucent door.
 19132 | Lair:5   | Found a viscous altar of Jiyva.
 19327 | Lair:5   | Found a gate leading to a gauntlet.
 19348 | Gauntlet | Entered a Gauntlet
 19348 | Gauntlet | Found a transporter.
 19348 | Gauntlet | Found a transporter.
 19352 | Gauntlet | Found a transporter.
 19352 | Gauntlet | Found a transporter.
 19363 | Gauntlet | Found a transporter.
 19376 | Gauntlet | Found a transporter.
 19380 | Gauntlet | Found a transporter.
 19380 | Gauntlet | Found a transporter.
 19404 | Gauntlet | Found a transporter.
 19411 | Gauntlet | Found a transporter.
 19423 | Gauntlet | Found a transporter.
 19471 | Gauntlet | Found a transporter.
 19486 | Gauntlet | Found a transporter.
 19504 | Gauntlet | Found a transporter.
 19606 | Gauntlet | Found a transporter.
 19620 | Gauntlet | Found a transporter.
 19928 | Gauntlet | Received a gift from Okawaru
 19998 | Gauntlet | Reached XP level 15. HP: 151/151 MP: 21/21
 20008 | Gauntlet | Got a translucent hat
 20057 | Gauntlet | Got a smoking ivory ring
 20075 | Gauntlet | Identified the cursed +0 hat of Rojoqaoc {*Contam rF+ MR+}
                  | (You found it in a Gauntlet)
 20080 | Gauntlet | Identified the ring "Qiluub" {+Fly MR- Str+2 Int+2} (You
                  | found it in a Gauntlet)
 20578 | Lair:5   | Found a staircase to the Slime Pits.
 20691 | Lair:6   | Entered Level 6 of the Lair of Beasts
 20777 | Lair:6   | Identified a scroll of acquirement
 21124 | Lair:6   | Reached skill level 19 in Fighting
 21159 | Lair:6   | Received a gift from Okawaru
 21186 | Lair:6   | Got a tiger eye-encrusted scale mail {god gift}
 22138 | Lair:6   | Identified the +1 scale mail of Cowardice {Dex+3} (Okawaru
                  | gifted it to you on level 6 of the Lair of Beasts)
 22302 | Orc:1    | Entered Level 1 of the Orcish Mines
 22302 | Orc:1    | Found Xecvifin's Gadget Boutique.
 22302 | Orc:1    | Noticed Maurice
 22310 | Orc:1    | Killed Maurice
 22349 | Orc:1    | Found Rehef's Armour Boutique.
 22579 | Orc:2    | Entered Level 2 of the Orcish Mines
 22582 | Orc:2    | Noticed Sonja
 22595 | Orc:2    | Killed Sonja
 22609 | Orc:2    | Found a staircase to the Elven Halls.
 22836 | Orc:2    | Found a roughly hewn altar of Beogh.
 22848 | Orc:2    | Reached skill level 5 in Evocations
 23098 | Orc:2    | Found a roughly hewn altar of Beogh.
 23141 | Orc:2    | Noticed an orc warlord
 23218 | Orc:2    | Killed an orc warlord
 23243 | Orc:2    | Received a gift from Okawaru
 23245 | Orc:2    | Found a roughly hewn altar of Beogh.
 23245 | Orc:2    | Found Sekhaff's Antique Armour Emporium.
 23301 | Orc:2    | Found Lixzytza's Antique Weapon Shoppe.
 23411 | Orc:2    | Found a roughly hewn altar of Beogh.
 23411 | Orc:2    | Found Heow's Jewellery Shoppe.
 23621 | Orc:2    | Found a gateway to a bazaar.
 23631 | Bazaar   | Entered a bazaar
 23636 | Bazaar   | Found Xesuefi's General Store.
 23637 | Bazaar   | Found Ynor's Armour Emporium.
 23662 | Bazaar   | Found Xuczunn's Jewellery Shop.
 23662 | Bazaar   | Found Meschalye's Assorted Antiques.
 23681 | Bazaar   | Found Goetiyn's Armour Shoppe.
 23706 | Bazaar   | Found Askan's Antique Weapon Emporium.
 23768 | Bazaar   | Bought a scratched granite ring for 130 gold pieces
 23768 | Bazaar   | Bought a scroll of identify for 52 gold pieces
 23768 | Bazaar   | Bought a scroll of blinking for 195 gold pieces
 23774 | Bazaar   | Bought an uncursed ring of poison resistance for 180 gold
                  | pieces
 23830 | Bazaar   | Bought a +0 tower shield of poison resistance for 110 gold
                  | pieces
 24124 | Orc:2    | Found a roughly hewn altar of Beogh.
 24133 | Orc:2    | Found Pitoasaw's Distillery.
 24213 | Orc:2    | Found a roughly hewn altar of Beogh.
 24382 | Orc:2    | Bought a pair of runed gloves for 172 gold pieces
 24382 | Orc:2    | Bought a spiked plate armour for 644 gold pieces
 24402 | Orc:2    | Identified the +7 plate armour of Fortitude {+Inv MP-9
                  | Int+5 Dex+3} (You bought it in a shop on level 2 of the
                  | Orcish Mines)
 24402 | Orc:2    | Bought the +3 crown of Dyrovepreva {rElec Int+2 SInv} for
                  | 952 gold pieces
 24402 | Orc:2    | Found the +3 crown of Dyrovepreva {rElec Int+2 SInv}
 24438 | Orc:2    | Bought a faintly humming chain mail for 218 gold pieces
 24438 | Orc:2    | Bought a spiked chain mail for 218 gold pieces
 24450 | Orc:2    | Identified the +8 chain mail "Kenud" {+Inv rN+ Int+3} (You
                  | bought it in a shop on level 2 of the Orcish Mines)
 24456 | Orc:2    | Gained mutation: You do not regenerate when monsters are
                  | visible. [mutagenic glow]
 24460 | Orc:2    | Identified the +2 chain mail of Poor Excuses {Int+2 Dex+6}
                  | (You bought it in a shop on level 2 of the Orcish Mines)
 24588 | Spider:1 | Entered Level 1 of the Spider Nest
 24625 | Spider:1 | Reached XP level 16. HP: 131/161 MP: 22/22
 26003 | Spider:2 | Noticed Ketzopolo's ghost (journeyman MiBe)
 26017 | Spider:2 | Found a transporter.
 26138 | Spider:2 | Reached skill level 15 in Shields
 26276 | Spider:2 | Found a transporter.
 26342 | Spider:2 | Received a gift from Okawaru
 26343 | Spider:2 | Found the +15 Maxwell's patent armour {-Cast -Tele rElec
                  | MR+ rCorr}
 27045 | Spider:2 | Killed Ketzopolo's ghost
 27925 | Spider:4 | Entered Level 4 of the Spider Nest
 27964 | Spider:4 | Noticed Aizul
 27989 | Spider:4 | Noticed Nikola
 28006 | Spider:4 | Killed Aizul
 28018 | Spider:4 | Killed Nikola
 28018 | Spider:4 | Received a gift from Okawaru
 28026 | Spider:4 | Reached XP level 17. HP: 105/168 MP: 4/23
 28083 | Spider:4 | Reached skill level 15 in Armour
 28933 | Spider:4 | Reached skill level 10 in Evocations
 29001 | Spider:4 | Slain by a hornet

Illustrated notes

Levels and vault maps discovered:
D:1:      noname_arrival_rooms_in_the_neighbourhood, layout_loops_ring
D:2:      layout_rooms
D:3:      layout_basic, nicolae_overflow_crystal_walls, xom_butterflies,
          okawaru_altar_gauntlet_db, uniq_ijyb, uniq_robin
D:4:      layout_loops_cross, gammafunk_temple_overflow_pools, first_ration
D:5:      layout_gridville, fiery_altar_vehumet, minmay_temple_entry_large_hall,
          gammafunk_ghost_nasty_kobolds
D:6:      layout_basic, marbit_many_paths, enter_ossuary_5,
          kennysheep_generic_room_4, uniq_maggie, uniq_crazy_yiuf_cottage,
          uniq_grinder
D:7:      layout_loops_cross, lemuel_coloured_pillars_altar, basic_altar
D:8:      hangedman_cross_stitches, layout_basic, due_lair_maze_entry_diamond,
          kennysheep_another_room
D:9:      layout_loops_ring, nicolae_dithmenos_shadow_blocks,
          kennysheep_vampire_church, orc_0_dummy, serial_shops, kennysheep_mini,
          yredelemnul_altar_generic
D:10:     layout_small_grid, serial_co_window_serial, co_window_corner_a,
          co_window_paths_a, co_window_paths_a, co_window_paths_a,
          co_window_paths_a, co_window_corner_a, co_window_paths_b,
          co_window_of_opportunity_a, co_window_of_opportunity_a,
          co_window_corner_cb, co_window_unsneaky_path_d, co_window_paths_c,
          co_window_corner_b, glass_columns_a, glass_columns_a, glass_columns_a,
          uniq_grum, uniq_erica
D:11:     layout_basic, basic_altar, gammafunk_ghost_nasty_kobolds,
          hangedman_stone_soup, uniq_psyche
D:12:     layout_cave_pools, xom_teletrap_fun
D:13:     layout_grid_maze, chequers_serial_rivers_marsh
D:14:     layout_basic, erik_vaults_2, hangedman_decor_opposing
D:15:     grunt_enter_depths_hoard, layout_irregular_city, tso_metal_star
Lair:1:   layout_chaotic_city, grunt_megastairs_4, serial_bayou_shore_b,
          lemuel_fruit_fields, uniq_nergalle, uniq_harold
Lair:2:   layout_cave_pods, shoals_dummy_entry, spider_nest_entry_web_field,
          grunt_megastairs_1, uniq_urug
Lair:3:   layout_hall_layers, infiniplex_staircase_pool
Lair:4:   layout_gridlike, chequers_serial_rivers_room_b
Lair:5:   layout_roguey, slime_altar_2, gauntlet_entry_generic,
          columned_hall_lemuel
Lair:6:   evilmike_catoblepas_cave, layout_loops_ring,
          chequers_serial_rivers_small_a, fungi_pond_lemuel
Spider:1: layout_spider_delve, hangedman_spider_mandibles, worms_lemuel,
          hangedman_spider_tarantella_strand
Spider:2: layout_spider_delve, gammafunk_ghost_arena,
          nicolae_spider_ant_collections
Spider:3: layout_spider_delve
Spider:4: spider_rune_water, uniq_nikola, uniq_aizul
Orc:1:    layout_caves, serial_shops, shop, shop, uniq_maurice
Orc:2:    grunt_orc_community_town_hall, layout_caves,
          grunt_orc_community_big_house_2, grunt_orc_community_big_house_1,
          grunt_orc_community_house_2, grunt_orc_community_house_3,
          grunt_orc_community_house_1, grunt_orc_community_house_1,
          grunt_orc_community_house_1, serial_shops, statue_bzr, uniq_sonja

Skill      XL: |  1  2  3  4  5  6  7  8  9 10 11 12 13 14 15 16 17 |
---------------+----------------------------------------------------+-----
Shields        | 4 5 6 8 10 11 13 15 | 15.0
Fighting       | 4 5 6 7 9 13 16 18 19 | 19.6
Armour         | 4 5 6 7 8 9 10 11 14 15 | 15.0
Long Blades    | 3 4 5 6 8 10 11 13 15 16 | 16.0
Invocations    | 1 4 7 9 10 | 10.0
Evocations     | 2 5 8 10 | 10.0

Action                   |  1- 3 |  4- 6 |  7- 9 | 10-12 | 13-15 | 16-18 || total
-------------------------+-------+-------+-------+-------+-------+-------++-------
Melee: Long sword        |    98 |   159 |   320 |   449 |       |       ||  1026
       Headbutt          |    12 |    30 |    91 |   217 |   395 |   186 ||   931
       Unarmed           |       |    15 |       |       |       |       ||    15
       Scimitar          |       |       |       |   348 |   677 |       ||  1025
       Demon blade       |       |       |       |       |   616 |   635 ||  1251
Invok: Heroism           |       |       |     4 |     4 |    11 |     5 ||    24
       Finesse           |       |       |       |       |       |     2 ||     2
Evoke: Wand              |       |       |       |       |     2 |       ||     2
  Use: Potion            |       |     2 |     2 |     2 |       |     3 ||     9
       Scroll            |       |     9 |    12 |     5 |    14 |     4 ||    44
  Eat: Chunk             |     1 |     8 |     5 |    25 |    25 |     8 ||    72
       Ration            |       |       |     2 |       |     3 |     2 ||     7
Armor: Scale mail        |    37 |    75 |    49 |       |       |       ||   161
       Chain mail        |       |       |    33 |   204 |   316 |   164 ||   717
       Plate armour      |       |       |       |       |       |   219 ||   219
Dodge: Dodged            |    24 |    70 |    59 |    93 |   183 |   165 ||   594
Block: Kite shield       |    49 |    85 |   237 |   590 |   855 |       ||  1816
       Reflection        |       |       |     4 |    38 |    18 |     1 ||    61
       Tower shield      |       |       |       |       |    29 |   963 ||   992
       Rpst.: Long sword |     4 |    17 |    12 |    11 |       |       ||    44
       Scimitar          |       |       |       |    12 |    28 |       ||    40
       Demon blade       |       |       |       |       |    17 |    30 ||    47
